 Dungeon Crawl Stone Soup version 0.19.0-20-gbc5f0c6 (webtiles) character file.

58 Nimsei the Chopper (level 3, -3/28 HPs)
             Began as a Demonspawn Gladiator on Nov 16, 2016.
             Was an Initiate of Kikubaaqudgha.
             Slain by Grinder (6 damage)
             ... while paralysed by Grinder
             ... on level 3 of the Dungeon.
             The game lasted 00:18:21 (1062 turns).

Nimsei the Chopper (Demonspawn Gladiator)           Turns: 1062, Time: 00:18:22

Health: -3/28      AC:  4    Str: 15    XL:     3   Next: 75%
Magic:  3/3        EV:  2    Int: 10    God:    Kikubaaqudgha [......]
Gold:   100        SH:  0    Dex: 13    Spells: 0 memorised, 2 levels left

rFire  . . .     SeeInvis .     a - +0 war axe
rCold  + . .     Gourm    .     b - +0 leather armour
rNeg   . . .     Faith    .     (no shield)
rPois  +         Spirit   .     c - +0 helmet
rElec  .         Reflect  .     (no cloak)
rCorr  .         Harm     .     (no gloves)
MR     .....                    (no boots)
Stlth  +.........               (no amulet)
                                (no ring)
                                e - ring of poison resistance (curse)

@: paralysed, very slow
A: cold resistance 1, powered by pain 1
a: Renounce Religion


You were on level 3 of the Dungeon.
You worshipped Kikubaaqudgha.
Kikubaaqudgha was noncommittal.
You were not hungry.

You visited 1 branch of the dungeon, and saw 3 of its levels.

You collected 100 gold pieces.

Inventory:

Hand Weapons
 a - a +0 war axe (weapon)
Missiles
 d - 3 throwing nets (quivered)
Armour
 b - a +0 leather armour (worn)
 c - a +0 helmet (worn)
 l - a +0 leather armour
Jewellery
 e - a cursed ring of poison resistance (left hand)
Scrolls
 g - a scroll of immolation
Potions
 n - a potion of haste {unknown}
Comestibles
 f - 4 fruits
 h - a chunk of flesh
 k - a meat ration
 m - a royal jelly


   Skills:
 + Level 2.4 Fighting
 + Level 3.6 Axes
 + Level 1.7 Throwing
 + Level 0.5 Armour
 + Level 3.1 Dodging


You had 2 spell levels left.
You didn't know any spells.

Dungeon Overview and Level Annotations

Branches:
Dungeon (3/15)

Altars:
Cheibriados
Kikubaaqudgha

Annotations:
D:3 Grinder


Innate Abilities, Weirdness & Mutations

Your flesh is cold resistant. (rC+)
You sometimes gain a little power by taking damage.


Message History

Grinder blinks!
Grinder hits you.
* * * LOW HITPOINT WARNING * * *
You writhe in agony.
* * * LOW HITPOINT WARNING * * *
Grinder barely misses you.
Some of the chunks of flesh in your inventory have rotted away.
Grinder closely misses you. Grinder barely misses you.
You hit Grinder.
Grinder is moderately wounded.
Grinder closely misses you.
You closely miss Grinder.
Grinder is moderately wounded.
Grinder closely misses you.
You hit Grinder.
Grinder is heavily wounded.
Grinder gestures at you.
You suddenly lose the ability to move!
Grinder hits you.
You die...
Kikubaaqudgha rasps: "You have failed me!
Welcome... death!"

*#....................***,**,,,,,
#.....#####..##......,* *,,*,<**,
##..##* #.........#** **,*,,*,,
#..** #.#...##..# *,,,,*,* #.#*
#...#.....# *,,*,,,, #,*
#######..##..#.### ***,,,,***
*,**#....)...........#**,,,,,,***
*,...............5.[.#...,,*,,<,,
,,..#######†.#..@........#*,,,**,
***** #.#_#........###*,*,**, >*
#..#........## *,,,**, ,**
*#.....#.....# ******* ,,**
#..###......## *,,* #.##
###....#* **,******#.* *......#
*,,,,,,,..* *.....## *,,,,,,..,*
*,,,..#


You could see Grinder.

Vanquished Creatures
  3 adders
  A worm (D:3)
  A dart slug (D:2)
  3 giant cockroaches
  4 hobgoblins
  3 kobolds
  4 bats
  2 frilled lizards
  3 goblins
  3 rats
  5 toadstools (D:1)
32 creatures vanquished.

Vanquished Creatures (others)
  2 toadstools (D:1)
2 creatures vanquished.

Grand Total: 34 creatures vanquished

Notes
Turn   | Place    | Note
-------+----------+-------------------------------------------
     0 | D:1      | Nimsei the Demonspawn Gladiator began the quest for the Orb.
     0 | D:1      | Reached XP level 1. HP: 16/16 MP: 1/1
   301 | D:1      | Gained mutation: You sometimes gain a little power by taking damage. [demonic ancestry]
   301 | D:1      | Reached XP level 2. HP: 21/22 MP: 2/2
   638 | D:2      | Found a snail-covered altar of Cheibriados.
   678 | D:2      | Became a worshipper of Cheibriados the Contemplative
   688 | D:2      | Found an ancient bone altar of Kikubaaqudgha.
   699 | D:2      | Fell from the grace of Cheibriados
   699 | D:2      | Became a worshipper of Kikubaaqudgha
   780 | D:2      | Gained mutation: Your flesh is cold resistant. (rC+) [demonic ancestry]
   780 | D:2      | Reached XP level 3. HP: 28/28 MP: 3/3
  1007 | D:3      | Found a faded altar of an unknown god.
  1037 | D:3      | Noticed Grinder
  1062 | D:3      | Paralysed by Grinder for 5 turns
  1062 | D:3      | Slain by Grinder

Skill      XL: |  1  2 |
---------------+-------+-----
Axes           | 3 |  3.6
Dodging        | 3 |  3.1
Fighting       | |  2.4
Throwing       | |  1.7
Armour         | |  0.5

Action                   || total
-------------------------++-------
Melee: War axe           ||   110
  Use: Scroll            ||     6
       Potion            ||     2
  Eat: Bread ration      ||     1
Armor: Leather armour    ||    30
Dodge: Dodged            ||   105
